 Dungeon Crawl Stone Soup version 0.27-a0-1118-ga84896973d (webtiles) character file.

Game seed: 7558644086374543224

475 Froggeryz the Cudgeller (level 7, -3/70 HPs)
             Began as an Ogre Berserker on May 2, 2021.
             Was a Believer of Trog.
             Slain by a wight
             ... wielding a +1 falchion
              (7 damage)
             ... while paralysed
             ... on level 4 of the Dungeon.
             The game lasted 00:03:10 (3911 turns).

Froggeryz the Cudgeller (Ogre Berserker)            Turns: 3911, Time: 00:03:11

Health: -3/70      AC:  3    Str: 22    XL:     7   Next: 10%
Magic:  7/7        EV:  1    Int:  8    God:    Trog [**....]
Gold:   95         SH:  0    Dex: 10    Spells: 6/6 levels left

rFire    . . .     SeeInvis .   i - +0 flail
rCold    . . .     Faith    .   (no shield)
rNeg     . . .     Spirit   .   b - +0 animal skin
rPois    .         Reflect  .   (helmet restricted)
rElec    .         Harm     .   (no cloak)
rCorr    .         Rampage  .   (gloves unavailable)
Will     .....                  (boots unavailable)
Stlth    +.........             (no amulet)
HPRegen  0.21/turn              (no ring)
MPRegen  0.10/turn              (no ring)

@: paralysed, on berserk cooldown, slowed
A: large, unfitting armour, tough skin 1
a: Renounce Religion, Berserk, Trog's Hand


You were on level 4 of the Dungeon.
You worshipped Trog.
Trog was pleased with you.
You visited 1 branch of the dungeon, and saw 4 of its levels.

You collected 95 gold pieces.

Inventory:

Hand Weapons
 a - a +0 morningstar
 i - a +0 flail (weapon)
Missiles
 c - 5 large rocks (quivered)
Armour
 b - a +0 animal skin (worn)
Jewellery
 h - a ring of positive energy
Scrolls
 e - a scroll of acquirement {unknown}
 f - 3 scrolls of identify {unknown}
 g - 2 scrolls of teleportation {unknown}
Potions
 d - a potion of heal wounds {unknown}


   Skills:
 - Level 4.0 Fighting
 * Level 7.1 Maces & Flails
 - Level 2.6 Dodging


You had 6 spell levels left.
You didn't know any spells.
Your spell library was empty.

Dungeon Overview and Level Annotations

Branches:
Dungeon (4/15)
 Temple: D:4-7

Altars:
Cheibriados
Dithmenos
Fedhas
Ru
Uskayaw
Jiyva


Innate Abilities, Weirdness & Mutations

You are too large for most types of armour.
You have tough skin. (AC +1)


Message History

* * * LOW HITPOINT WARNING * * *
A wight comes into view. It is wielding a +3 scimitar.
You see here a +0 flail.
You bludgeon the gnoll!!
You kill the gnoll!
Trog accepts your kill. The wight barely misses you.
A wight comes into view. It is wielding a +1 falchion.
Things that are here:
a +0 halberd; a gnoll corpse You hit the wight.
The wight is moderately damaged.
You hit the wight but do no damage.
The wight is moderately damaged.
The wight hits you with a +0 great sword.
* * * LOW HITPOINT WARNING * * *
You closely miss the wight.
The wight is moderately damaged.
The wight barely misses you.
You barely miss the wight.
The wight is moderately damaged.
The wight barely misses you.
You bludgeon the wight!!
You destroy the wight!
Trog accepts your kill.
Your Maces & Flails skill increases to level 7!
You have reached level 7!
You hit the wight.
The wight is moderately damaged.
You thump the wight!
You destroy the wight!
Trog accepts your kill.
You closely miss the wight.
You are no longer berserk.
You pass out from exhaustion.
You feel yourself slow down. The wight hits you with a +1 falchion!
* * * LOW HITPOINT WARNING * * *
The wight hits you with a +1 falchion!
You die...

.... .... ..... .....
...... .>....########
#####+#'#.....zz@...#
..........####'######
..........# #.##
.......z..# #..##
..........# ##...####
#.........###........##
#.........##..........#
#.........+...#####...#
#.........##.##(((##..#####


You could see 2 wights.

Vanquished Creatures
  An ogre (D:4)
  A scorpion (D:4)
  3 wights (D:4)
  A hound (D:3)
  Jessica (D:3)
  Terence (D:2)
  3 gnolls (D:4)
  3 adders
  A worm (D:2)
  A dart slug (D:2)
  2 orcs (D:3)
  3 ball pythons
  9 endoplasms
  3 giant cockroaches
  3 hobgoblins (D:1)
  6 jackals
  6 quokkas
  6 bats
  4 frilled lizards
  7 goblins
  5 kobolds
  4 rats
74 creatures vanquished.

Notes
Turn   | Place    | Note
-------+----------+-------------------------------------------
     0 | D:1      | Froggeryz the Ogre Berserker began the quest for the Orb.
     0 | D:1      | Reached XP level 1. HP: 24/24 MP: 1/1
    62 | D:1      | Found a viscous altar of Jiyva.
    62 | D:1      | Noticed a jelly
    62 | D:1      | Noticed a jelly
    62 | D:1      | Noticed a jelly
    62 | D:1      | Noticed a jelly
    62 | D:1      | Noticed a jelly
    62 | D:1      | Noticed a jelly
   148 | D:1      | Noticed a jelly
   197 | D:1      | Reached skill level 3 in Maces & Flails
   203 | D:1      | Reached XP level 2. HP: 23/32 MP: 2/2
   842 | D:1      | Reached XP level 3. HP: 39/39 MP: 3/3
   883 | D:1      | Reached ** piety under Trog
   991 | D:1      | Found a faded altar of an unknown god.
  1004 | D:1      | Reached skill level 4 in Maces & Flails
  1864 | D:2      | Noticed Terence
  1879 | D:2      | Reached XP level 4. HP: 15/48 MP: 4/4
  1883 | D:2      | Killed Terence
  1883 | D:2      | HP: 1/72 [kobold/+0 whip (3)]
  2324 | D:2      | Found a shadowy altar of Dithmenos.
  2632 | D:3      | Reached skill level 5 in Maces & Flails
  2632 | D:3      | Reached XP level 5. HP: 51/54 MP: 5/5
  2787 | D:3      | Found a blossoming altar of Fedhas.
  2919 | D:3      | Noticed Jessica
  2926 | D:3      | Killed Jessica
  3254 | D:3      | Found a sacrificial altar of Ru.
  3444 | D:3      | Found a snail-covered altar of Cheibriados.
  3506 | D:4      | Noticed a +0 falchion
  3506 | D:4      | Noticed a +0 short sword
  3506 | D:4      | Noticed a +0 spear
  3506 | D:4      | Noticed a +0 dagger
  3506 | D:4      | Noticed a +0 dagger
  3507 | D:4      | Noticed a +0 spear
  3507 | D:4      | Noticed an ogre
  3507 | D:4      | Noticed a +0 short sword
  3507 | D:4      | Noticed a +0 falchion
  3514 | D:4      | Killed an ogre
  3515 | D:4      | Reached skill level 6 in Maces & Flails
  3515 | D:4      | Reached XP level 6. HP: 62/62 MP: 6/6
  3584 | D:4      | Found a hide-covered altar of Uskayaw.
  3907 | D:4      | Reached skill level 7 in Maces & Flails
  3907 | D:4      | Reached XP level 7. HP: 21/70 MP: 7/7
  3911 | D:4      | Slain by a wight

Illustrated notes

Levels and vault maps discovered:
D:1:      erik_arrival_cave_to_civilisation [erik_arrival_cave_to_temple],
          layout_basic, ebering_ecumenical_altar_box
D:2:      layout_rooms, basic_altar, uniq_terence
D:3:      layout_rooms, marbit_many_paths, lemuel_tele_altar,
          general_overflow_altar, uniq_jessica
D:4:      layout_basic, nicolae_uskayaw_en_pointe, kennysheep_little_box,
          nicolae_dithmenos_through_a_glass_darkly,
          lemuel_coloured_pillars_altar, lemuel_round_altar,
          portal_sewer_entry_d

Skill      XL: |  1  2  3  4  5  6 |
---------------+-------------------+-----
Maces & Flails | 3 4 5 6 7 |  7.1
Fighting       | |  4.0
Dodging        | |  2.6

Action                   |  1- 3 |  4- 6 |  7- 9 || total
-------------------------+-------+-------+-------++-------
Melee: Mace              |   121 |    53 |       ||   174
       Flail             |       |    56 |     3 ||    59
Invok: Berserk           |     1 |     4 |       ||     5
       Trog's Hand       |     1 |       |       ||     1
Armor: Animal skin       |    43 |    31 |       ||    74
Dodge: Dodged            |    89 |    51 |       ||   140

Table legend: (Time is in decaauts)
 A = Elapsed time spent in this place.
 B = Non-inter-level travel time spent in this place.
 C = Inter-level travel time spent in this place.
 D = Time resting spent in this place.
 E = Time spent auto-exploring this place.
 F = Levels seen in this place.
 G = Mean time per level.
                   A        B        C        D        E       F      G
               +--------+--------+--------+--------+--------+-----+--------+
         Total |   3974 |   3841 |    133 |    564 |   2778 |   4 |  993.5 |
       Dungeon |   3974 |   3841 |    133 |    564 |   2778 |   4 |  993.5 |
               +--------+--------+--------+--------+--------+-----+--------+

Top non-repeatable levels by time:
     D:1: 1680 daAuts
     D:2: 974 daAuts
     D:3: 901 daAuts
     D:4: 417 daAuts
